Map: Terraform LE (Void)

Players

CrAnK - Winner!

  • Race: Terran Terran
  • League: Gold

CunningStunt

  • Race: Protoss Protoss
  • League: Gold

VOD

Have the link to the VOD?

Description

Time

  • Played on: Sept. 5, 2015, 5:07 a.m.
  • Length: 13:33
Show
View Real Time Build Order
Export as new Build Order

CrAnK Terran - Winner!

Build Orders: MMM Bio 

Get SALT Encoding   

  12  0:01  SCV  
  13  0:13  SCV  
  14  0:20  Supply Depot  
  14  0:25  SCV  
  15  0:41  SCV  
  16  0:47  Barracks  
  16  0:48  Refinery  
  16  0:53  SCV  
  17  1:05  SCV  
  18  1:18  SCV  
  20  1:35  Orbital Command  
  20  1:36  Reaper  
  20  1:43  Command Center  
  20  1:54  Supply Depot  
  20  2:01  SCV  
  21  2:14  SCV, Barracks Reactor  
  22  2:26  SCV  
  23  2:30  Factory  
  23  2:33  Supply Depot  
  23  2:38  SCV  
  24  2:50  SCV  
  25  2:54  Marine x2  
  27  3:01  Barracks  
  27  3:02  Orbital Command  
  27  3:03  SCV, Barracks  
  28  3:11  Marine  
  28  3:12  Marine  
  30  3:15  Engineering Bay  
  30  3:16  SCV  
  31  3:20  Starport  
  31  3:22  Widow Mine  
  33  3:27  SCV  
  33  3:29  Marine x2  
  33  3:32  SCV  
  37  3:39  SCV  
  38  3:46  Missile Turret  
  38  3:47  Marine x2  
  40  3:49  Missile Turret  
  40  3:50  SCV  
  41  3:57  Factory Reactor  
  41  4:00  Barracks Tech Lab  
  41  4:02  Barracks Tech Lab  
  40  4:06  SCV x2  
  40  4:07  Marine x2  
  42  4:18  SCV x2  
  42  4:20  Refinery  
  42  4:23  Refinery  
  44  4:29  Stimpack  
  44  4:30  SCV  
  44  4:31  SCV, Marine x3  
  49  4:43  SCV x2  
  51  4:55  SCV  
  51  4:56  SCV  
  53  5:01  Combat Shields  
  53  5:03  Command Center  
  53  5:04  Marine  
  53  5:05  Marine  
  54  5:14  SCV, Marine x2  
  54  5:20  Factory Reactor, Medivac  
  59  5:22  Marine  
  59  5:23  Marine  
  61  5:28  SCV  
  61  5:29  SCV  
  61  5:32  Medivac  
  61  5:34  Marauder, Marine  
  68  5:40  Supply Depot  
  68  5:41  Supply Depot  
  68  5:43  SCV x2  
  68  5:44  Barracks  
  68  5:45  Barracks  
  68  5:48  Supply Depot  
  70  5:52  Marauder  
  70  6:01  Marine  
  70  6:03  Widow Mine x2  
  70  6:04  Medivac, Marauder  
  77  6:09  Marine  
  80  6:17  Bunker  
  68  6:56  SCV x2  
  68  6:57  Orbital Command  
  70  7:02  Marine  
  70  7:04  Barracks Reactor, Widow Mine  
  70  7:05  Widow Mine, Medivac, Marauder x2  
  70  7:07  Terran Infantry Armor Level 1  
  70  7:08  SCV  
  82  7:13  Missile Turret  
  82  7:18  Refinery  
  82  7:23  Marine x2  
  82  7:24  Medivac  
  82  7:26  Concussive Shells  
  82  7:28  Marauder x2  
  90  7:34  Missile Turret  
  90  7:38  Engineering Bay  
  90  7:39  SCV x3, Armory  
  90  7:42  Marine x2  
  95  7:44  Marine  
  95  7:45  Barracks Tech Lab  
  95  7:49  Marauder  
  95  7:51  SCV x3, Marauder  
  101  7:52  Marine  
  104  7:59  Widow Mine  
  104  8:00  Widow Mine  
  104  8:03  Marine  
  109  8:06  Terran Infantry Weapons Level 1  
  109  8:34  Marine x2  
  109  8:36  SCV, Marine  
  109  8:37  SCV, Marine  
  109  8:38  Marine  
  109  8:39  Widow Mine  
  109  8:40  Marauder, Widow Mine  
  108  8:41  Marauder  
  108  8:47  Medivac  
  108  8:52  Marine  
  109  9:01  Barracks  
  109  9:02  Barracks x2  
  109  9:04  Marine x3  
  109  9:05  Marauder x2  
  109  9:08  Marauder  
  117  9:10  Marine  
  117  9:23  Supply Depot, Marine, Widow Mine  
  117  9:24  SCV x3, Medivac  
  125  9:25  Supply Depot  
  125  9:26  Supply Depot  
  125  9:27  Terran Infantry Armor Level 2  
  125  9:28  Terran Vehicle Weapons Level 1  
  125  9:45  SCV x3, Marauder x2  
  132  9:46  Marauder, Marine x4  
  132  9:51  Marine  
  139  9:54  Command Center  
  139  9:55  Barracks Tech Lab x2, Widow Mine  
  139  9:56  Widow Mine  
  139  9:57  SCV x2  
  144  10:07  Marauder x2  
  144  10:08  Marauder  
  135  10:14  Barracks Tech Lab, Marauder x2  
  135  10:15  Marine x2  
  135  10:21  Ghost Academy  
  139  10:28  Marauder  
  129  10:36  Marine x8  
  129  10:37  Marauder  
  123  10:45  Medivac, Widow Mine x2  
  123  10:46  Medivac  
  123  10:49  Marauder  
  131  10:54  Marine x7  
  131  10:55  Marauder  
  128  10:58  Marauder  
  120  11:11  Marine, Marauder  
  120  11:12  Marine x4  
  120  11:13  Marauder x2  
  120  11:15  Medivac  
  120  11:16  Marine  
  128  11:19  Marine  
  127  11:29  Marine  
  127  11:30  Orbital Command, Marine x4  
  127  11:32  Marauder  
  134  11:34  Marauder x3  
  134  11:37  Refinery  
  134  11:38  Marauder  
  142  11:40  Widow Mine  
  144  11:48  Marauder  
  144  11:54  Marauder  
  148  11:55  Marauder x2  
  151  12:02  Marauder x2, Marine  
  151  12:03  Medivac  
  158  12:10  Marauder  
  160  12:19  Marine  
  157  12:26  Marine  
  157  12:27  Marauder, Marine x6  
  153  12:31  Marauder  
  150  12:37  Widow Mine x2, Marine  
  150  12:38  Medivac x2  
  150  12:44  Marine  
  159  12:45  Marauder x4  
  168  12:52  SCV x3  
  171  12:59  Refinery  
  171  13:03  Refinery  
Show
View Real Time Build Order
Export as new Build Order

CunningStunt Protoss 

Build Orders: 1 Gate Expand 

Get SALT Encoding   

  12  0:00  Probe (Chrono Boost)  
  13  0:10  Probe (Chrono Boost)  
  14  0:18  Pylon  
  14  0:22  Probe (Chrono Boost)  
  15  0:36  Probe (Chrono Boost)  
  15  0:39  Gateway  
  16  0:46  Probe (Chrono Boost)  
  16  0:48  Assimilator  
  17  0:56  Probe (Chrono Boost)  
  18  1:06  Probe (Chrono Boost)  
  19  1:16  Probe (Chrono Boost)  
  20  1:31  Probe (Chrono Boost)  
  21  1:34  Nexus  
  21  1:41  Cybernetics Core  
  21  1:45  Probe (Chrono Boost)  
  22  1:55  Probe (Chrono Boost)  
  22  1:58  Pylon  
  23  2:16  Probe (Chrono Boost)  
  23  2:19  Adept (Chrono Boost)  
  25  2:27  Mothership Core (Chrono Boost)  
  25  2:28  Warp Gate  
  27  2:31  Assimilator  
  27  2:47  Probe (Chrono Boost)  
  28  2:55  Probe (Chrono Boost)  
  28  2:57  Probe (Chrono Boost)  
  30  3:06  Probe (Chrono Boost)  
  30  3:07  Probe (Chrono Boost)  
  30  3:09  Pylon  
  32  3:16  Probe (Chrono Boost), Robotics Facility  
  32  3:17  Gateway  
  33  3:20  Probe (Chrono Boost)  
  33  3:22  Gateway  
  33  3:25  Probe (Chrono Boost)  
  35  3:30  Probe (Chrono Boost)  
  36  3:34  Probe  
  37  3:42  Probe  
  37  3:44  Probe  
  37  3:45  Gateway  
  39  3:54  Probe x2  
  41  4:04  Probe  
  41  4:06  Probe (Chrono Boost)  
  43  4:16  Probe (Chrono Boost)  
  44  4:18  Probe (Chrono Boost)  
  44  4:20  Observer  
  46  4:26  Probe (Chrono Boost)  
  46  4:28  Probe (Chrono Boost)  
  46  4:29  Pylon  
  48  4:32  Twilight Council  
  48  4:38  Pylon  
  48  4:39  Assimilator  
  48  4:40  Adept x3  
  54  4:47  Warp Prism (Chrono Boost)  
  56  4:56  Probe x2 (Chrono Boost)  
  58  5:06  Probe x2 (Chrono Boost)  
  60  5:11  Forge  
  60  5:12  Forge  
  60  5:15  Pylon  
  60  5:18  Pylon  
  60  5:20  Probe (Chrono Boost)  
  60  5:22  Probe, Observer (Chrono Boost)  
  63  5:30  Probe  
  63  5:34  Probe  
  65  5:36  Assimilator  
  65  5:40  Immortal (Chrono Boost), Probe  
  70  5:59  Probe  
  70  6:00  Probe  
  72  6:07  Adept x4  
  72  6:09  Probe  
  81  6:13  Probe  
  74  6:31  Probe  
  74  6:33  Probe, Immortal (Chrono Boost)  
  78  6:47  Probe  
  78  6:48  Probe  
  79  6:54  Protoss Ground Weapons Level 1 (Chrono Boost), Protoss Ground Armor Level 1 (Chrono Boost)  
  79  6:57  Probe  
  79  6:58  Robotics Facility  
  79  7:00  Probe  
  81  7:03  Gateway  
  81  7:06  Gateway, Pylon  
  81  7:07  Observer (Chrono Boost), Pylon x2  
  82  7:08  Gateway, Probe  
  83  7:16  Probe  
  83  7:19  Nexus  
  83  7:20  Probe  
  83  7:21  Pylon  
  85  7:23  Pylon  
  85  7:25  Adept x4, Pylon  
  93  7:35  Shield Upgrade  
  93  7:51  Nexus  
  93  7:53  Immortal x2  
  93  7:54  Pylon  
  93  7:58  Templar Archives  
  101  8:08  Gateway  
  101  8:09  Pylon  
  101  8:12  Gateway  
  101  8:13  Pylon  
  101  8:18  Pylon  
  101  8:19  Pylon  
  101  8:20  Pylon  
  101  8:22  Pylon  
  101  8:25  Adept x6  
  100  8:35  Immortal  
  99  8:48  Zealot  
  99  8:49  Zealot x4  
  99  8:55  Stalker  
  111  8:58  Charge  
  108  9:14  Stalker x4  
  117  9:17  Probe x2  
  117  9:22  Probe, Assimilator  
  119  9:26  Probe  
  119  9:29  Probe x2  
  122  9:32  Probe  
  122  9:36  Probe  
  122  9:38  Psionic Storm  
  124  9:41  Probe, High Templar  
  124  9:42  High Templar x2  
  131  9:52  High Templar  
  131  9:53  High Templar  
  131  9:55  Adept  
  137  10:05  Assimilator  
  133  10:21  Gateway  
  131  10:25  Gateway  
  112  10:38  Stalker x6  
  112  10:39  Stalker x3  
  84  11:05  Stalker x3  
  84  11:06  Stalker x4  
  90  11:31  Probe  
  91  11:32  Probe  
  91  11:33  Probe  
  91  11:36  Protoss Ground Armor Level 2 (Chrono Boost), Protoss Ground Weapons Level 2 (Chrono Boost)  
  93  11:41  Probe  
  93  11:44  Probe, Zealot x7  
  93  11:45  Probe, Zealot x2  
  114  11:50  Mothership Core  
  116  12:06  Observer  
  116  12:07  Immortal  
  121  12:10  Nexus  
  121  12:13  High Templar x2  
  125  12:29  Zealot x6  
  109  12:36  Immortal  
  89  12:39  High Templar x2  
  89  12:41  Archon  
  68  12:53  Pylon  
  66  12:58  Pylon  
  66  13:02  High Templar  
  68  13:06  High Templar  
  68  13:07  Zealot  
  68  13:10  Archon  
Tags
 
Add a new tag
Caveats
  • Supply blocks, unpowered buildings, or Contaminate may cause inaccurate times.
  • Supply counts are checked every 10 seconds.